 Dungeon Crawl Stone Soup version 0.31-a0-83-gbff143cfd1 (webtiles) character file.

Game seed: 2592841882701029998

9 Esekla the Sneak (level 2, -6/21 HPs)
             Began as an Octopode Delver on May 25, 2023.
             Mangled by an iguana (13 damage)
             ... on level 5 of the Dungeon.
             The game lasted 00:00:24 (31 turns).

Esekla the Sneak (Octopode Delver)                    Turns: 31, Time: 00:00:25

Health: -6/21      AC:  1    Str: 11    XL:     2   Next: 16%
Magic:  2/2        EV: 13    Int: 12    God:
Gold:   0          SH:  0    Dex: 13    Spells: 1/1 levels left

rFire   . . .        a - +0 falchion
rCold   . . .        (no shield)
rNeg    . . .        (helmet restricted)
rPois   .            (no amulet)
rElec   .            (no ring)
rCorr   .            (no ring)
SInv    .            (no ring)
Will    .....        (no ring)
Stlth   ++++         (no ring)
HPRegen 0.23/turn    (no ring)
MPRegen 0.08/turn    (no ring)
                     (no ring)

%: no passive effects
@: no status effects
A: almost no armour, amphibious, 8 rings, camouflage 1, gelatinous body 1,
(nimble swimmer 1), tentacles
a: no special abilities


You were on level 5 of the Dungeon.
You visited 1 branch of the dungeon, and saw 1 of its levels.

Inventory:

Hand Weapons
 a - a +0 falchion (weapon)
Wands
 f - a wand of digging (3)
Scrolls
 b - a scroll of fog
 d - a scroll of fear
Potions
 e - a potion of haste


   Skills:
 + Level 3.1 Fighting
 + Level 2.0 Long Blades
 + Level 2.0 Dodging
 + Level 7.0 Stealth


You had one spell level left.
You didn't know any spells.
Your spell library was empty.

Dungeon Overview and Level Annotations

Branches:
Dungeon (5/15)
 Temple: D:4-7

Altars:


Innate Abilities, Weirdness & Mutations

You cannot wear most types of armour.
You are amphibious.
You can wear up to eight rings at the same time.
Your skin changes colour to match your surroundings (Stealth+).
Your rubbery body absorbs attacks. (AC +1, EV +1)
((You are camouflaged when in or above water. (Stealth+)))
You have tentacles for arms and can constrict up to eight enemies at once.


Message History

Welcome, Esekla the Octopode Delver.
If you return without finding the Orb of Zot, so far below, it's all over!
Press ? for a list of commands and other information.
Found 7 stones and a pair of dazzling gloves.
Found a stone staircase leading down.
An adder comes into view.
You see here the +3 pair of gloves of Sin {rF+ rCorr Dex+3 Stlth+}.
The helpless adder fails to defend itself.
You hit the adder. Your grab misses the adder. Your squeeze misses the adder.
The adder is lightly wounded.
The adder barely misses you. The adder bites you.
You miss the adder. Your grab misses the adder. Your squeeze misses the adder.
The adder is lightly wounded.
The adder bites you.
You barely miss the adder. You grab the adder. You squeeze the adder.
The adder is heavily wounded.
You constrict the adder, but do no damage.
The adder bites you. The adder misses you.
You slash the adder!
You kill the adder!
Your Stealth skill increases to level 7!
You have reached level 2!
You see here an adder corpse.
As you read the scroll of magic mapping, it crumbles to dust.
You feel aware of your surroundings.
You sensed 1 altar.
You see here the +3 pair of gloves of Sin {rF+ rCorr Dex+3 Stlth+}.
You see here 7 stones.
An iguana comes into view.
The iguana hisses angrily.
You hit the iguana but do no damage. You grab the iguana.
You squeeze the iguana!
The iguana is heavily wounded.
You constrict the iguana. The iguana bites you!
Ouch! That really hurt!
The iguana bites you!
Ouch! That really hurt!
You die...

*,* *,........#.# *,* *,*
#.#......##.# *,# *,*
#.#^#....##.######.## *,*
#.#.........>.......# ,,*
#...............###.. ,,*
#.#.#.#.............. ,,*
#...........#.#.#.#.. *,*
#.#.#.#.......(.....# *,*
**#..l@...##..#.#.#.#.# *,*
#...#.#.#.........[...#
*,********#.#.......###.#.#.#.#.#
,,,,,,,,,,.......................
*,********########.####.#.#.#.#.#
*,,,,,,,,,,,,,,*,...,..........†#
**************,*,*.#####.#.#.##..
*,*,*.# #...#.####
*,*,*,****#.###..,,,


You could see an iguana.

Vanquished Creatures
  An adder (D:5)
1 creature vanquished.

Notes
Turn   | Place    | Note
-------+----------+-------------------------------------------
     0 | D:5      | Esekla the Octopode Delver began the quest for the Orb.
     0 | D:5      | Reached XP level 1. HP: 16/16 MP: 1/1
     5 | D:5      | Identified the +3 pair of gloves of Sin {rF+ rCorr Dex+3
                  | Stlth+}
    13 | D:5      | Reached skill level 7 in Stealth
    13 | D:5      | Reached XP level 2. HP: 14/21 MP: 2/2
    31 | D:5      | Mangled by an iguana

Illustrated notes

Levels and vault maps discovered:
D:5:      layout_basic, lemuel_round_altar, serial_glass, glass_columns_c,
          glass_columns_b

Skill      XL: |  1 |
---------------+----+-----
Stealth        | 7 |  7.0
Fighting       | |  3.1
Long Blades    | |  2.0
Dodging        | |  2.0

Action                     || total
---------------------------++-------
  Melee: Falchion          ||     5
         Constrict         ||     2
         Tentacles         ||     2
    Use: Scroll            ||     1
   Stab: Sleeping          ||     1
  Dodge: Dodged            ||     2

Table legend: (Time is in decaauts)
 A = Elapsed time spent in this place.
 B = Non-inter-level travel time spent in this place.
 C = Inter-level travel time spent in this place.
 D = Time resting spent in this place.
 E = Time spent auto-exploring this place.
 F = Levels seen in this place.
 G = Mean time per level.
                   A        B        C        D        E       F      G
               +--------+--------+--------+--------+--------+-----+--------+
         Total |     31 |     31 |      0 |      0 |      0 |   1 |   31.0 |
       Dungeon |     31 |     31 |      0 |      0 |      0 |   1 |   31.0 |
               +--------+--------+--------+--------+--------+-----+--------+

Top non-repeatable levels by time:
     D:5: 31 daAuts
